 Dungeon Crawl Stone Soup version 0.29.0-4-gdea44cf6ec (webtiles) character file.

Game seed: 2109171180823523101

25 qw the Chopper (level 2, -2/24 HPs)
             Began as a Demonspawn Cinder Acolyte on Sept 9, 2022.
             Was a High Priest of Ignis.
             Slain by Terence
             ... wielding a +0 trident
              (4 damage)
             ... on level 2 of the Dungeon.
             The game lasted 00:00:19 (1302 turns).

qw the Chopper (Demonspawn Cinder Acolyte)          Turns: 1302, Time: 00:00:20

Health: -2/24      AC: 15    Str: 14    XL:     2   Next: 82%
Magic:  3/3        EV:  5    Int: 15    God:    Ignis [*****.]
Gold:   50         SH:  0    Dex:  8    Spells: 3/3 levels left

rFire   + . .      SeeInvis .   Y - -1 hand axe (drain)
rCold   . . .      Faith    .   (no shield)
rNeg    . . .      Spirit   .   j - +0 chain mail
rPois   .          Reflect  .   (no helmet)
rElec   .          Harm     .   (no cloak)
rCorr   .          Rampage  .   (no gloves)
Will    .....                   (no boots)
Stlth   ..........              (no amulet)
HPRegen 0.08/turn               (no ring)
MPRegen 0.08/turn               (no ring)

@: fiery-armoured
A: hooves 1
a: Renounce Religion, Fiery Armour, Foxfire Swarm, Rising Flame


You were on level 2 of the Dungeon.
You worshipped Ignis.
Ignis was extremely pleased with you.
You visited 1 branch of the dungeon, and saw 2 of its levels.

You collected 50 gold pieces.


Innate Abilities, Weirdness & Mutations

You have large cloven feet.


   Skills:
 - Level 3.0 Fighting
 - Level 3.6 Axes
 + Level 0.4 Armour
 - Level 1.0 Spellcasting
 - Level 2.6 Fire Magic


You had 3 spell levels left.
You didn't know any spells.
Your spell library contained the following spells:

 Spells                   Type           Power      Damage    Failure   Level
 Scorch                   Fire           16%        2d5       98%         2

Inventory:

Hand Weapons
 b - a +0 whip
 Y - a -1 hand axe of draining (weapon)
Armour
 j - a +0 chain mail (worn)
Scrolls
 g - a scroll of identify
Potions
 f - a potion of haste {unknown}
 k - a potion of cancellation {unknown}

Dungeon Overview and Level Annotations

Branches:
Dungeon (2/15)

Altars:

Annotations:
D:2 Terence


Message History

Terence completely misses you.
The endoplasm hits you but does no damage.
You barely miss the endoplasm.
Terence hits you from afar with a +0 trident!
The endoplasm freezes you.
You are frozen.
The ball python barely misses you. The ball python grabs you.
The ball python constricts you.
You closely miss the ball python. Your kick misses the ball python.
You hit the endoplasm but do no damage. You drain the endoplasm.
The ball python bites you but does no damage.
The ball python constricts you. Terence hits you but does no damage.
The endoplasm barely misses you.
You hit the ball python but do no damage.
Your kick misses the ball python. You hit the endoplasm.
You kill the endoplasm!
The ball python bites you but does no damage.
The ball python constricts you.
Terence hits you from afar with a +0 trident.
1299 ||| INVOKING Fiery Armour.
A protective cloak of flame settles atop you.
The ball python bites you but does no damage.
The ball python is burned by your cloak of flames.
The ball python is severely wounded.
The ball python constricts you.
Terence hits you from afar with a +0 trident.
You hit the ball python.
You kill the ball python!
You hit the rat but do no damage.
Terence hits you from afar with a +0 trident.
The rat bites you.
The rat is burned by your cloak of flames.
You kill the rat!
You barely miss the rat. Terence closely misses you.
The rat twitches its whiskers.
The rat bites you but does no damage.
The rat is burned by your cloak of flames.
You kill the rat!
Terence hits you with a +0 trident.
You die...

.........##
...........## .
.............##..
....$...........
>.............###
.................
..........@..#
........%@.<.###
............)....
...#.##..%....$###
.......<..........
...#..#.........#.
.... ............
(.#. .............
... ..[.........(.
#. .##........##.


You could see Terence.

Vanquished Creatures
  A bat (D:1)
  3 endoplasms
  2 giant cockroaches (D:1)
  A goblin (D:1)
  2 hobgoblins (D:1)
  2 jackals (D:1)
  A quokka (D:1)
  3 ball pythons
  2 kobolds (D:1)
  5 rats
22 creatures vanquished.

Vanquished Creatures (others)
  A fungus (D:1)
1 creature vanquished.

Grand Total: 23 creatures vanquished

Notes
Turn   | Place    | Note
-------+----------+-------------------------------------------
     0 | D:1      | qw the Demonspawn Cinder Acolyte began the quest for the
                  | Orb.
     0 | D:1      | Reached XP level 1. HP: 18/18 MP: 2/2
     0 | D:1      | 0 ||| qw: Version: 0.1-a-113-g051387a
     0 | D:1      | 0 ||| qw: Game counter: 7289
     0 | D:1      | 0 ||| qw: Always use a shield: true
     0 | D:1      | 0 ||| qw: God list: Okawaru
     0 | D:1      | 0 ||| qw: Allow faded altars: false
     0 | D:1      | 0 ||| qw: Do Orc after D:15 true
     0 | D:1      | 0 ||| qw: Do second Lair branch before Depths: true
     0 | D:1      | 0 ||| qw: Lair rune preference: random
     0 | D:1      | 0 ||| qw: Plans: Normal
     0 | D:1      | 0 ||| PLANNING D:1-11
    79 | D:1      | 79 ||| Stepping ~*~*~tactically~*~*~ (stealth).
    81 | D:1      | 81 ||| Stepping ~*~*~tactically~*~*~ (stealth).
    89 | D:1      | 89 ||| Stepping ~*~*~tactically~*~*~ (stealth).
    92 | D:1      | 92 ||| INVOKING Fiery Armour.
   239 | D:1      | Reached skill level 3 in Axes
   415 | D:1      | Discovered your monstrous ancestry.
   415 | D:1      | Gained mutation: You have large cloven feet. [demonic
                  | ancestry]
   415 | D:1      | Reached XP level 2. HP: 22/24 MP: 3/3
  1200 | D:1      | 1200 ||| UPGRADING to +0 leather armour.
  1210 | D:1      | 1210 ||| DROPPING +0 robe.
  1211 | D:1      | 1211 ||| UPGRADING to +0 chain mail.
  1221 | D:1      | 1221 ||| DROPPING +0 leather armour.
  1222 | D:1      | 1222 ||| READING scroll labelled XUUHAF ENYLEGH.
  1223 | D:1      | 1223 ||| READING 2 scrolls labelled MUMAJU GUHEPHA.
  1224 | D:1      | 1224 ||| READING 2 scrolls labelled RUOQICROUDD.
  1225 | D:1      | 1225 ||| READING scroll labelled CETIOTWAKIQ.
  1226 | D:1      | 1226 ||| READING scroll labelled DUNAOPH XAMEO.
  1264 | D:1      | 1264 ||| DROPPING +0 club.
  1265 | D:1      | 1265 ||| DROPPING scroll of immolation.
  1292 | D:2      | Noticed Terence
  1299 | D:2      | 1299 ||| INVOKING Fiery Armour.
  1299 | D:2      | HP: 6/24 [Terence/+0 trident (3)]
  1300 | D:2      | HP: 2/24 [rat (2)]
  1302 | D:2      | Slain by Terence

Levels and vault maps discovered:
D:1:      dpeg_arrival_rooms_c, layout_basic, dreamdust_mushroom_princess,
          interstate_on_off
D:2:      layout_rooms, dreamdust_ecumenical_altar_hidden_monk_grotto,
          uniq_crazy_yiuf_cottage, uniq_natasha, uniq_terence

Skill      XL: |  1 |
---------------+----+-----
Axes           | 3 |  3.6
Fighting       | |  3.0
Armour         | |  0.4
Spellcasting   | |  1.0
Fire Magic     | |  2.6

Action                   || total
-------------------------++-------
Melee: Hand axe          ||    59
       Kick              ||     1
       Punch             ||     1
Invok: Fiery Armour      ||     2
  Use: Scroll            ||     5
Armor: Robe              ||     8
       Chain mail        ||     6
Dodge: Dodged            ||    34

Table legend:
 A = Non-vault XP
 B = Vault XP
 C = Vault XP percentage of total XP
 D = Non-vault monster count
 E = Vault monster count
 F = Vault count percentage of total count
                 A         B        C        D         E       F
            +---------+---------+-------+---------+---------+-------
      Total |      36 |       0 |   0.0 |      22 |       0 |   0.0
            +---------+---------+-------+---------+---------+-------
        D:1 |      31 |       0 |   0.0 |      18 |       0 |   0.0
        D:2 |       5 |       0 |   0.0 |       4 |       0 |   0.0
            +---------+---------+-------+---------+---------+-------
